 Dungeon Crawl Stone Soup version 0.28-a0-21-gf74fda84f9 (webtiles) character file.

Game seed: 2786070603401535941

443 ezpacito the Agent of Entropy (level 6, -11/48 HPs)
             Began as a Demonspawn Abyssal Knight on July 27, 2021.
             Was a Priest of Lugonu.
             Mangled by a two-headed ogre (22 damage)
             ... on level 4 of the Dungeon.
             The game lasted 00:06:12 (4422 turns).

ezpacito the Agent of Entropy (DsAK)                Turns: 4422, Time: 00:06:14

Health: -11/48     AC: 14    Str: 13    XL:     6   Next: 71%
Magic:  8/8        EV: 13    Int: 14    God:    Lugonu [***...]
Gold:   67         SH:  0    Dex: 13    Spells: 8/8 levels left

rFire   . . .      SeeInvis .   f - +0 war axe
rCold   . . .      Faith    .   (no shield)
rNeg    . . .      Spirit   .   d - +0 scale mail
rPois   .          Reflect  .   e - +0 helmet
rElec   .          Harm     .   (no cloak)
rCorr   .          Rampage  .   (no gloves)
Will    +....                   l - +0 pair of boots
Stlth   ..........              (no amulet)
HPRegen 0.16/turn               c - ring of willpower
MPRegen 0.11/turn               j - +4 ring of evasion

@: sanguine armoured
A: spiny 2, sanguine armour 1
a: Renounce Religion, Depart the Abyss, Bend Space, Banish


You were on level 4 of the Dungeon.
You worshipped Lugonu.
Lugonu was most pleased with you.
You visited 1 branch of the dungeon, and saw 4 of its levels.
You visited the Abyss 1 time.

You collected 105 gold pieces.
You spent 38 gold pieces at shops.

Inventory:

Hand Weapons
 a - a +1 hand axe
 f - a +0 war axe (weapon)
Missiles
 b - 89 stones (quivered)
 o - 6 atropa-tipped darts
Armour
 d - a +0 scale mail (worn)
 e - a +0 helmet (worn)
 l - a +0 pair of boots (worn)
Jewellery
 c - a ring of willpower (left hand)
 g - a ring of fire
 h - a ring of see invisible
 j - a +4 ring of evasion (right hand)
Wands
 n - a wand of charming (8)
Potions
 i - a potion of flight
 k - 2 potions of heal wounds {unknown}
 m - a potion of cancellation {unknown}


   Skills:
 + Level 3.8 Fighting
 * Level 3.7 Axes
 + Level 1.8 Throwing
 + Level 2.7 Armour
 + Level 2.2 Dodging
 + Level 1.7 Spellcasting
 + Level 3.9 Invocations
 + Level 0.6 Evocations


You had 8 spell levels left.
You didn't know any spells.
Your spell library contained the following spells:

 Spells                   Type           Power      Damage    Failure   Level
 Sublimation of Blood     Necr           0%         N/A       86%         2
 Gell's Gravitas          Tloc           0%         N/A       97%         3
 Teleport Other           Tloc           1%         N/A       97%         3
 Petrify                  Tmut/Erth      1%         N/A       100%        4
 Irradiate                Conj/Tmut      0%         3d13      100%        5
 Dispersal                Tloc           0%         N/A       100%        6


Dungeon Overview and Level Annotations

Branches:
Dungeon (4/15)
 Temple: D:4-7

Altars:
Xom

Shops:
D:1 (


Innate Abilities, Weirdness & Mutations

You are mostly covered in sharp spines.
When seriously injured, your bleeding wounds create armour. (AC +6)


Message History

The ball python hisses angrily.
A ball python is nearby!
A ball python is nearby!
Okay, then.
A ball python is nearby!
The ball python is struck by your spines.
You kill the ball python!
Lugonu accepts your kill.
A two-headed ogre comes into view.
It is wielding a +0 giant spiked club and a +0 giant club.
The two-headed ogre shouts in stereo!
A two-headed ogre is nearby!
A two-headed ogre is nearby!
A two-headed ogre is nearby!
Okay, then.
Throw: 90 stones
Press: ? - help, Q - select action, (/) - cycle Shift-Dir - straight line, f - two-headed ogre
Aim: a two-headed ogre, wielding a +0 giant spiked club and a +0 giant club (73% to hit)
You throw a stone.
The stone hits the two-headed ogre but does no damage.
You slash the two-headed ogre!
The two-headed ogre is lightly wounded.
The two-headed ogre is struck by your spines.
The two-headed ogre closely misses you. The two-headed ogre barely misses you.
You barely miss the two-headed ogre.
The two-headed ogre is lightly wounded.
The two-headed ogre is struck by your spines.
The two-headed ogre hits you with a +0 giant spiked club!
The two-headed ogre hits you with a +0 giant club!
Your blood congeals into armour.
You barely miss the two-headed ogre.
The two-headed ogre is moderately wounded.
The two-headed ogre barely misses you.
The two-headed ogre completely misses you.
You hit the two-headed ogre.
The two-headed ogre is moderately wounded.
The two-headed ogre is struck by your spines.
The two-headed ogre hits you with a +0 giant spiked club!
* * * LOW HITPOINT WARNING * * *
The two-headed ogre hits you with a +0 giant club!!
You die...

#.......#######.##.##+#....
#.......##...##.###
#........#....#
#........#....#
#........#....
#........#...#
#........#.(.#
#......###O..#
#......###@..#
#............+
#........†...#
#............#
#......##....#
#......##....#
#............+
#............# #......
.....#


You could see a two-headed ogre.

Vanquished Creatures
  Edmund (D:4)
  A hound (D:4)
  A bullfrog skeleton (D:3)
  Ijyb (D:3)
  Terence (D:3)
  Robin (D:2)
  3 gnolls (D:3)
  9 adders
  A worm (D:2)
  A dart slug (D:1)
  An orc (D:3)
  8 ball pythons
  6 endoplasms
  11 goblins
  12 hobgoblins
  14 jackals
  5 kobolds
  4 quokkas
  5 bats
  2 frilled lizards
  12 rats
100 creatures vanquished.

Vanquished Creatures (others)
  An adder (D:3)
  A dart slug (D:3)
  2 orcs (D:3)
  A giant cockroach (D:3)
  A goblin (D:2)
  2 ball pythons (D:3)
  2 bats (D:3)
  3 frilled lizards (D:3)
  A rat (D:3)
  A fungus (D:1)
  2 plants (D:3)
17 creatures vanquished.

Grand Total: 117 creatures vanquished

Notes
Turn   | Place    | Note
-------+----------+-------------------------------------------
     0 | Abyss:1  | ezpacito the Demonspawn Abyssal Knight began the quest for
                  | the Orb.
     0 | Abyss:1  | Reached XP level 1. HP: 18/18 MP: 2/2
   136 | Abyss:2  | Noticed a fire bat
   136 | Abyss:2  | Noticed a fire bat
   136 | Abyss:2  | Noticed a fire bat
   139 | D:1      | Escaped the Abyss
   236 | D:1      | Reached * piety under Lugonu
   237 | D:1      | Reached skill level 1 in Dodging
   280 | D:1      | Gained mutation: You are partially covered in sharp spines.
                  | [demonic ancestry]
   280 | D:1      | Reached XP level 2. HP: 24/24 MP: 3/3
   307 | D:1      | Found Vuleuh's Weapon Boutique.
   359 | D:1      | Bought a +0 war axe for 38 gold pieces
   399 | D:1      | Found a faded altar of an unknown god.
   528 | D:1      | Reached XP level 3. HP: 18/29 MP: 5/5
  1064 | D:2      | Noticed Robin
  1072 | D:1      | Reached ** piety under Lugonu
  1707 | D:2      | Killed Robin
  1708 | D:2      | Gained mutation: You are mostly covered in sharp spines.
                  | [demonic ancestry]
  1708 | D:2      | Reached XP level 4. HP: 26/35 MP: 6/6
  2462 | D:2      | Reached skill level 1 in Throwing
  3032 | D:3      | Reached skill level 1 in Spellcasting
  3332 | D:3      | Gained mutation: When seriously injured, your bleeding
                  | wounds create armour. (AC +6) [demonic ancestry]
  3332 | D:3      | Reached XP level 5. HP: 36/41 MP: 7/7
  3499 | D:3      | Noticed Terence
  3506 | D:3      | Killed Terence
  3875 | D:3      | Found a shimmering altar of Xom.
  3967 | D:3      | Noticed Ijyb
  3975 | D:3      | Killed Ijyb
  3975 | D:3      | Reached *** piety under Lugonu
  3976 | D:3      | Reached XP level 6. HP: 43/48 MP: 8/8
  4171 | D:4      | Noticed Edmund
  4180 | D:4      | Killed Edmund
  4416 | D:4      | Noticed a two-headed ogre
  4422 | D:4      | Mangled by a two-headed ogre

Illustrated notes

Levels and vault maps discovered:
D:1:      dpeg_arrival_prison, layout_loops_cross, serial_shops,
          nicolae_shop_stone, shapermc_ecumenical_altar_acropolis
D:2:      layout_basic, uniq_robin
D:3:      layout_loops_ring, xom_confusion_cloud, minmay_shallow_snake_nest,
          uniq_ijyb, uniq_terence
D:4:      layout_gridville, hangedman_decor_slide_cut, uniq_blork_the_orc,
          uniq_edmund, uniq_eustachio

Skill      XL: |  1  2  3  4  5 |
---------------+----------------+-----
Axes           | 2 3 |  3.7
Dodging        | 1 2 |  2.2
Armour         | 2 |  2.7
Invocations    | 3 |  3.9
Throwing       | 1 |  1.8
Spellcasting   | 1 |  1.7
Fighting       | |  3.8
Evocations     | |  0.6

Action                   |  1- 3 |  4- 6 || total
-------------------------+-------+-------++-------
Melee: Hand axe          |    18 |       ||    18
       War axe           |    41 |   101 ||   142
Throw: Stone             |       |     3 ||     3
Invok: Depart the Abyss  |     1 |       ||     1
  Use: Scroll            |     1 |     1 ||     2
       Potion            |     1 |       ||     1
 Stab: Sleeping          |     1 |       ||     1
Armor: Scale mail        |    35 |    28 ||    63
       Leather armour    |     1 |       ||     1
Dodge: Dodged            |    53 |    71 ||   124

Table legend: (Time is in decaauts)
 A = Elapsed time spent in this place.
 B = Non-inter-level travel time spent in this place.
 C = Inter-level travel time spent in this place.
 D = Time resting spent in this place.
 E = Time spent auto-exploring this place.
 F = Levels seen in this place.
 G = Mean time per level.
                   A        B        C        D        E       F      G
               +--------+--------+--------+--------+--------+-----+--------+
         Total |   4481 |   4348 |    133 |    855 |   2913 |   6 |  746.8 |
       Dungeon |   4343 |   4210 |    133 |    855 |   2800 |   4 | 1085.8 |
         Abyss |    138 |    138 |      0 |      0 |    113 |   2 |   69.0 |
               +--------+--------+--------+--------+--------+-----+--------+

Top non-repeatable levels by time:
     D:2: 1640 daAuts
     D:1: 1552 daAuts
     D:3: 833 daAuts
     D:4: 316 daAuts
 Abyss:1: 80 daAuts
 Abyss:2: 58 daAuts
